Map: [ESL] Glittering Ashes

Players

Percival

  • Race: Terran Terran

Probe - Winner!

  • Race: Protoss Protoss

Event: IEM Katowice 2022

VOD

Have the link to the VOD?

Description

Time

  • Played on: Feb. 23, 2022, 8:59 a.m.
  • Length: 30:19

All games in this series

Show
View Real Time Build Order
Export as new Build Order

Percival Terran 

Build Orders: Reaper Expand 

Get SALT Encoding   

  12  0:00  SCV  
  13  0:12  SCV  
  14  0:17  Supply Depot  
  14  0:24  SCV  
  15  0:38  SCV  
  15  0:39  Barracks  
  15  0:42  Refinery  
  16  0:50  SCV  
  17  1:02  SCV  
  18  1:14  SCV  
  19  1:26  Reaper, Orbital Command  
  20  1:42  Command Center  
  20  1:52  SCV  
  21  1:58  Barracks Reactor  
  21  2:00  Bunker  
  21  2:04  SCV  
  22  2:11  Barracks  
  22  2:13  Supply Depot  
  22  2:16  SCV  
  23  2:24  Barracks  
  23  2:28  SCV  
  23  2:35  Marine  
  23  2:36  Refinery, Marine  
  25  2:40  SCV  
  25  2:41  Bunker  
  26  2:52  SCV  
  26  2:53  Marine  
  26  2:54  Marine  
  26  2:56  Orbital Command  
  29  2:59  Barracks Tech Lab  
  29  3:04  SCV  
  30  3:11  Barracks Tech Lab  
  30  3:13  Marine x2  
  30  3:16  SCV  
  30  3:19  Engineering Bay  
  33  3:21  SCV  
  33  3:24  Marine  
  35  3:27  Stimpack  
  35  3:31  SCV  
  35  3:34  SCV, Marine  
  37  3:37  Marine  
  38  3:43  Marine x2  
  38  3:44  Combat Shield  
  38  3:46  SCV  
  38  3:47  SCV  
  42  3:51  Supply Depot  
  42  3:55  Supply Depot  
  42  3:58  Marine x2  
  42  4:00  SCV  
  42  4:01  SCV  
  46  4:06  Terran Infantry Weapons Level 1  
  46  4:08  Missile Turret  
  46  4:15  Marauder x2  
  50  4:18  Marine x2  
  50  4:20  SCV  
  50  4:23  SCV  
  54  4:32  Supply Depot  
  54  4:36  Marauder x2, Marine  
  54  4:37  Marine  
  60  4:40  SCV x2  
  60  4:45  Supply Depot  
  62  4:53  Factory  
  62  4:54  SCV x2  
  62  4:56  Marine  
  62  4:57  Marine  
  62  4:58  Marauder  
  68  5:00  Marauder  
  68  5:03  Supply Depot  
  68  5:06  Concussive Shells  
  71  5:07  SCV x2  
  71  5:11  Refinery  
  72  5:16  Marine  
  72  5:17  Marine  
  72  5:19  Supply Depot, SCV x2  
  75  5:23  Marauder  
  79  5:31  SCV x2  
  79  5:32  Refinery  
  79  5:33  Supply Depot  
  79  5:36  Marine x2  
  79  5:39  Starport  
  81  5:43  Barracks Tech Lab  
  81  5:44  Supply Depot, Marauder  
  81  5:45  SCV x2  
  85  5:51  Siege Tank  
  88  5:57  Supply Depot  
  88  5:58  SCV x2  
  92  6:07  Supply Depot, Barracks Reactor  
  92  6:10  Marauder x2  
  97  6:25  Command Center  
  94  6:32  Medivac  
  94  6:33  Medivac  
  94  6:36  Marauder  
  94  6:38  Barracks, Marauder  
  94  6:39  Barracks, Factory Reactor  
  102  6:40  Terran Infantry Armor Level 1  
  92  6:55  Marine x2  
  92  6:57  Marauder  
  92  7:00  Marauder  
  96  7:03  Medivac x2  
  100  7:08  SCV x2  
  100  7:13  Supply Depot x2, Marine  
  100  7:14  Marine  
  104  7:19  Marauder  
  104  7:21  Marauder  
  104  7:22  Widow Mine x2  
  112  7:27  Barracks Reactor  
  112  7:28  Marauder  
  114  7:32  SCV x2  
  116  7:44  SCV x2  
  116  7:48  Marine  
  116  7:49  Missile Turret, Marauder x3, Marine  
  126  7:52  Widow Mine x2  
  126  7:56  SCV x2  
  130  8:00  Medivac  
  130  8:01  Medivac  
  130  8:03  SCV  
  119  8:06  Marine  
  119  8:08  SCV  
  119  8:09  Marine x2  
  119  8:10  Marauder x2  
  126  8:16  Marine, Marauder  
  125  8:20  Widow Mine x2  
  125  8:23  Orbital Command  
  125  8:24  SCV x2  
  131  8:31  Marauder  
  131  8:33  Marine x2  
  131  8:34  Marauder  
  137  8:37  SCV  
  137  8:38  SCV, Marauder  
  133  8:42  Widow Mine x2  
  133  8:43  Marine x2  
  133  8:47  Viking x2  
  136  8:51  Marine  
  134  8:56  Refinery  
  134  8:57  Refinery  
  134  9:01  Ghost Academy, Command Center  
  133  9:05  Armory  
  133  9:06  Engineering Bay  
  133  9:13  Marauder x3  
  133  9:15  Marine x2  
  133  9:16  Marine x2  
  143  9:21  Viking x2  
  147  9:35  Ghost x3  
  147  9:37  Marine x4  
  156  9:40  SCV  
  156  9:41  SCV  
  157  9:53  SCV  
  157  9:54  Widow Mine x2  
  157  9:57  Viking  
  157  9:59  Viking  
  155  10:00  Marine x2  
  157  10:10  Marine  
  157  10:11  SCV  
  157  10:12  Enhanced Shockwaves  
  157  10:13  SCV x2, Marine  
  156  10:28  Terran Infantry Armor Level 2, Terran Infantry Weapons Level 2  
  156  10:29  Viking x2  
  156  10:35  Ghost  
  160  10:38  Marauder, Marine x3  
  160  10:39  Marine, Marauder  
  160  10:41  Missile Turret  
  166  10:53  Barracks  
  166  10:54  Barracks x2  
  166  10:55  Planetary Fortress  
  151  11:13  Marine x3  
  151  11:14  Marauder x3  
  151  11:16  Widow Mine x2, Medivac  
  163  11:21  SCV x3  
  157  11:33  SCV x4  
  157  11:35  Marauder  
  157  11:38  Marine x2  
  157  11:39  Marauder x2  
  169  11:40  Marine x2  
  169  11:41  Barracks Tech Lab  
  169  11:42  Barracks Reactor  
  171  11:47  Barracks Tech Lab  
  171  11:50  Viking x2  
  164  12:05  SCV x2  
  164  12:06  SCV  
  140  12:20  SCV x2  
  140  12:21  SCV x2  
  116  12:32  SCV  
  89  12:40  SCV x2  
  89  12:41  SCV  
  89  12:42  Ghost, Marine x5  
  89  12:43  Marauder x4, Marine  
  102  12:44  SCV  
  102  12:46  Medivac x2  
  107  12:53  Missile Turret  
  105  13:05  Marine x3, Marauder x2  
  102  13:06  Marauder  
  102  13:12  Marine x2, Marauder  
  97  13:13  Marine  
  97  13:16  Viking x2  
  101  13:29  Command Center  
  96  13:41  Widow Mine x2  
  96  13:43  Marine  
  96  13:44  Marine, Marauder x2  
  97  13:51  Marine, Marauder  
  97  13:55  Marine x3, Marauder  
  97  13:56  Marauder  
  97  14:01  Marine  
  94  14:08  Widow Mine, Marine x2  
  94  14:09  Widow Mine, Marauder, Marine  
  77  14:22  Marine x3  
  77  14:23  Marauder, Marine  
  79  14:26  Marine  
  79  14:30  Orbital Command  
  79  14:35  Medivac x2  
  83  14:43  SCV x3  
  76  14:53  Marine x2, Marauder  
  76  14:54  Marine  
  81  15:04  SCV  
  81  15:05  SCV x3  
  85  15:13  Liberator  
  88  15:16  Liberator  
  91  15:21  Missile Turret  
  91  15:30  Planetary Fortress  
  91  15:33  SCV x4  
  95  15:38  Missile Turret  
  93  15:45  SCV, Marine  
  93  15:46  Marine x2, Marauder x2  
  101  15:53  Marine, Marauder  
  101  15:57  Marine x3  
  101  15:58  Ghost  
  101  16:02  SCV x4  
  110  16:08  Medivac x2  
  114  16:15  SCV x3  
  114  16:16  SCV x2  
  117  16:26  Marine  
  117  16:27  Marauder x3, Marine x3  
  117  16:28  Marauder x2  
  117  16:29  Marine  
  122  16:35  Marine  
  114  16:42  Viking x2  
  116  16:48  Marauder x2  
  95  17:08  Marine  
  95  17:09  Marauder x2, Marine x2  
  95  17:12  Viking x2  
  95  17:14  Widow Mine  
  103  17:15  Widow Mine  
  103  17:18  Marauder  
  103  17:21  Marauder x2  
  107  17:23  Marine  
  107  17:24  Marine  
  107  17:27  Marine  
  107  17:29  Marine x2  
  112  17:34  Ghost  
  114  17:55  Orbital Command  
  114  17:57  Refinery  
  114  18:03  Widow Mine x2, Viking  
  122  18:11  Marauder  
  116  18:15  Marine x4, Marauder  
  116  18:16  Marine x2  
  116  18:17  Refinery  
  116  18:19  Refinery  
  124  18:27  Orbital Command  
  124  18:29  Marine, Marauder x2  
  124  18:32  Orbital Command, Marine  
  115  18:46  SCV x2  
  111  18:58  SCV x2  
  111  18:59  SCV x2  
  115  19:08  Widow Mine x2  
  119  19:10  SCV x2, Viking x2  
  119  19:14  Marine x2  
  127  19:19  Marine, Marauder  
  129  19:25  Marine, Marauder  
  128  19:34  Marine x2, Marauder x2  
  124  19:53  Medivac  
  124  19:59  SCV x4  
  130  20:02  Missile Turret  
  130  20:11  SCV x4  
  133  20:19  Marauder  
  133  20:20  Marine  
  108  20:32  Marine, Marauder  
  109  20:42  SCV x3  
  110  20:54  Marauder  
  112  21:03  Ghost  
  111  21:07  Marauder  
  112  21:27  SCV x3  
  112  21:28  SCV, Missile Turret  
  116  21:39  SCV x2  
  119  21:40  SCV x2  
  119  21:51  SCV  
  119  21:52  SCV x3  
  119  21:53  Ghost, Marauder  
  124  22:03  SCV  
  124  22:04  SCV x3  
  124  22:06  Widow Mine x2  
  119  22:16  SCV x3  
  119  22:19  Marine  
  119  22:20  Marine x2, Marauder  
  119  22:21  Marine  
  126  22:25  Marauder  
  126  22:28  Marine x2  
  127  22:39  Marine  
  127  22:40  Marauder  
  127  22:42  Marine x2, Marauder  
  127  22:43  Marauder  
  136  22:50  SCV x4  
  134  23:04  Widow Mine x2, Refinery  
  134  23:05  Marauder, Marine  
  140  23:06  Marauder  
  140  23:08  Marine  
  140  23:09  Marine  
  140  23:10  Marine  
  146  23:13  Marine x2  
  146  23:17  Marauder  
  150  23:21  Marauder  
  150  23:23  Marauder  
  154  23:32  SCV x3  
  149  23:44  SCV  
  149  23:50  SCV, Command Center  
  149  23:51  SCV  
  149  23:52  SCV  
  149  23:55  Missile Turret  
  152  24:04  Marine  
  152  24:05  Marine, Marauder x2  
  129  24:19  Marine  
  129  24:20  Marauder  
  129  24:23  Marine x2, Marauder  
  123  24:24  Marauder  
  123  24:27  Marine x2, Marauder  
  123  24:28  Marauder  
  105  24:31  Marine  
  105  24:37  SCV x4, Marine  
  109  24:49  SCV x2  
  109  24:50  SCV x2  
  109  24:52  Medivac x2  
  117  24:58  Widow Mine x2  
  121  25:11  Ghost  
  121  25:12  Marauder x2  
  127  25:22  Marine x2  
  127  25:23  Marauder x2  
  127  25:24  Marine  
  132  25:30  Marine x2  
  132  25:34  Missile Turret, Marauder  
  136  25:38  Planetary Fortress  
  136  25:45  SCV x3  
  133  26:01  SCV x2  
  133  26:02  SCV  
  133  26:03  Refinery  
  129  26:04  Refinery  
  125  26:11  Marine x2  
  125  26:12  Marauder x2  
  125  26:13  SCV  
  125  26:14  SCV x2  
  125  26:15  Marauder x2, Marine x2, Orbital Command  
  125  26:18  Marine  
  130  26:23  Marine  
  130  26:24  Marauder  
  128  26:29  Marine x2  
  128  26:32  SCV x3  
  125  26:33  Marine, Marauder  
  125  26:35  SCV  
  129  26:44  Medivac x2  
  133  26:48  Missile Turret  
  133  26:49  SCV x2  
  133  26:50  SCV x2  
  133  26:51  SCV  
  138  26:58  Sensor Tower  
  138  27:04  Marine  
  138  27:05  Marauder x2  
  137  27:13  Marine x3  
  137  27:14  Marine, Marauder x2  
  140  27:17  Marine  
  140  27:18  Marine  
  140  27:22  Marine  
  141  27:28  Marine  
  141  27:29  Marauder  
  144  27:30  Viking x2  
  148  27:38  Ghost  
  148  27:39  Marauder  
  148  27:41  Marauder  
  148  27:44  Marine x4  
  153  27:45  Marine  
  153  27:46  Marine  
  153  27:49  Marauder  
  160  27:52  Marauder  
  160  28:05  Marine  
  152  28:06  Marauder  
  152  28:07  SCV x2  
  152  28:08  SCV x3  
  155  28:19  SCV  
  157  28:20  SCV x2  
  157  28:22  Viking x2  
  139  28:40  Marine x2, Marauder  
  126  28:52  Medivac  
  126  28:55  Medivac  
  106  28:57  Marine x2  
  106  28:58  Marauder, Marine  
  106  29:00  Marine  
  106  29:01  Marauder  
  80  29:22  Medivac  
  79  29:25  Medivac  
  79  29:37  Marine x2, Marauder  
  79  29:38  Marauder  
  79  29:42  Marine  
  80  29:45  Marine  
  80  29:46  Marine  
  61  30:01  Marine  
Show
View Real Time Build Order
Export as new Build Order

Probe Protoss - Winner!

Build Orders: 1 Gate Expand, Blink Stalkers, Colossus Rush 

Get SALT Encoding   

  12  0:00  Probe  
  13  0:12  Probe  
  14  0:17  Pylon  
  14  0:24  Probe (Chrono Boost)  
  16  0:36  Gateway, Probe (Chrono Boost)  
  16  0:43  Probe (Chrono Boost)  
  16  0:45  Assimilator  
  17  0:51  Probe  
  18  1:03  Probe  
  19  1:15  Probe  
  20  1:21  Nexus  
  20  1:32  Cybernetics Core  
  20  1:33  Probe  
  21  1:40  Assimilator  
  21  1:45  Probe  
  22  1:50  Pylon  
  22  1:57  Probe  
  23  2:06  Stalker (Chrono Boost)  
  23  2:09  Probe  
  26  2:16  Shield Battery  
  26  2:21  Probe  
  27  2:25  Warp Gate  
  26  2:33  Stalker, Probe (Chrono Boost)  
  26  2:35  Probe (Chrono Boost)  
  32  2:44  Probe (Chrono Boost)  
  32  2:45  Probe (Chrono Boost)  
  32  2:49  Probe (Chrono Boost)  
  32  2:50  Probe (Chrono Boost)  
  33  2:56  Twilight Council  
  34  3:00  Probe  
  34  3:01  Probe  
  36  3:12  Probe  
  37  3:13  Probe  
  37  3:18  Robotics Facility  
  38  3:24  Probe  
  38  3:25  Probe  
  38  3:26  Blink (Chrono Boost)  
  40  3:28  Pylon  
  40  3:36  Probe  
  40  3:37  Probe  
  42  3:48  Probe  
  43  3:49  Probe  
  43  3:50  Gateway  
  43  3:51  Gateway  
  44  3:58  Pylon  
  44  4:00  Probe  
  44  4:01  Assimilator, Probe  
  46  4:05  Observer (Chrono Boost)  
  47  4:12  Probe  
  47  4:13  Stalker  
  47  4:14  Probe  
  51  4:17  Pylon  
  51  4:19  Assimilator  
  51  4:24  Probe  
  51  4:26  Forge, Probe  
  51  4:27  Observer (Chrono Boost)  
  54  4:36  Probe  
  54  4:37  Stalker  
  54  4:38  Probe  
  59  4:46  Stalker x2  
  59  4:47  Pylon  
  59  4:49  Probe  
  59  4:50  Probe  
  65  4:52  Robotics Bay  
  65  4:53  Pylon  
  65  4:59  Immortal  
  68  5:03  Pylon  
  68  5:08  Stalker  
  68  5:10  Stalker  
  68  5:14  Observer  
  72  5:15  Stalker  
  74  5:27  Protoss Ground Weapons Level 1 (Chrono Boost)  
  74  5:31  Gateway x2  
  74  5:32  Probe x2  
  76  5:36  Colossus (Chrono Boost)  
  82  5:45  Probe x2  
  84  5:50  Sentry  
  84  5:54  Pylon  
  84  5:56  Pylon, Charge (Chrono Boost)  
  86  5:57  Probe  
  87  6:06  Zealot x2  
  87  6:08  Observer  
  91  6:14  Nexus  
  91  6:19  Shield Battery  
  91  6:21  Pylon  
  91  6:22  Probe x2  
  93  6:34  Probe x2  
  93  6:37  Sentry x2, Zealot  
  93  6:38  Zealot x2  
  105  6:46  Probe x2  
  107  6:47  Gateway  
  105  6:58  Probe x2  
  105  6:59  Gateway  
  107  7:01  Pylon  
  107  7:03  Gateway  
  107  7:04  Colossus (Chrono Boost), Gateway  
  113  7:11  Extended Thermal Lance  
  113  7:17  Probe, Shield Battery  
  113  7:20  Probe  
  115  7:29  Forge, Probe x2  
  117  7:32  Probe  
  118  7:37  Protoss Ground Armor Level 1 (Chrono Boost)  
  118  7:41  Probe  
  118  7:42  Zealot  
  118  7:43  Zealot x2  
  123  7:47  Zealot x2  
  127  7:55  Zealot  
  127  8:01  Probe  
  127  8:03  Pylon, Colossus (Chrono Boost)  
  118  8:08  Pylon  
  118  8:09  Zealot x2  
  118  8:10  Pylon x2  
  119  8:16  Pylon, Zealot  
  119  8:17  Zealot x2  
  125  8:26  Gateway  
  125  8:31  Sentry x2  
  125  8:33  Zealot  
  131  8:35  Zealot x3  
  127  8:44  Zealot x6  
  129  8:51  Observer  
  129  8:53  Protoss Ground Weapons Level 2 (Chrono Boost)  
  130  9:00  Assimilator  
  130  9:01  Assimilator  
  130  9:04  Zealot  
  130  9:06  Gateway  
  132  9:10  Stalker x3  
  132  9:15  Nexus, Robotics Facility  
  138  9:17  Dark Shrine  
  138  9:29  Probe x2  
  138  9:32  Zealot x7  
  138  9:33  Zealot x2  
  154  9:41  Probe  
  154  9:42  Robotics Facility  
  137  10:07  Nexus  
  135  10:15  Observer  
  135  10:17  Photon Cannon  
  135  10:18  Stalker x2  
  135  10:19  Stalker x2  
  135  10:20  Pylon  
  134  10:21  Pylon  
  134  10:24  Pylon  
  134  10:40  Dark Templar x2  
  134  10:42  Dark Templar x3  
  144  10:54  Disruptor  
  144  10:56  Disruptor  
  141  11:11  Stalker  
  131  11:13  Probe  
  131  11:15  Probe  
  131  11:22  Stalker  
  131  11:23  Stalker x3  
  137  11:27  Dark Templar  
  137  11:32  Disruptor  
  142  11:51  Nexus  
  142  11:56  Dark Templar x3  
  148  12:02  Stalker x3  
  148  12:04  Archon  
  148  12:07  Probe  
  153  12:15  Dark Templar x3  
  129  12:31  Dark Templar x2  
  129  12:32  Probe  
  117  12:45  Zealot x4  
  117  13:02  Dark Templar x2  
  121  13:15  Stalker x3  
  125  13:31  Zealot  
  124  13:38  Zealot x4  
  101  14:00  Zealot x8  
  103  14:18  Zealot  
  97  14:25  Colossus (Chrono Boost)  
  97  14:31  Nexus  
  101  14:38  Probe  
  101  14:44  Stalker x4  
  110  14:51  Colossus (Chrono Boost)  
  101  15:01  Pylon, Dark Templar  
  103  15:08  Sentry  
  105  15:15  Stalker  
  105  15:16  Stalker x2  
  105  15:19  Dark Templar  
  113  15:23  Stalker  
  113  15:24  Observer (Chrono Boost)  
  111  15:43  Zealot x5  
  111  15:44  Zealot  
  113  16:03  Stalker  
  113  16:04  Stalker x2  
  119  16:10  Nexus  
  119  16:12  Dark Templar x2  
  119  16:13  Zealot  
  125  16:19  Dark Templar  
  125  16:20  Probe  
  122  16:35  Colossus (Chrono Boost)  
  122  16:37  Archon  
  122  16:38  Zealot x6  
  140  16:52  Disruptor (Chrono Boost)  
  128  17:02  Zealot x7  
  126  17:16  Dark Templar  
  126  17:24  Zealot  
  126  17:25  Zealot x5  
  138  17:32  Assimilator x2  
  138  17:33  Probe  
  138  17:34  Assimilator x2  
  139  17:39  Dark Templar  
  139  17:40  Zealot  
  137  17:49  Probe x2  
  137  17:50  Probe  
  140  17:53  Zealot x3  
  140  17:57  Observer  
  145  18:01  Probe x2  
  145  18:02  Probe  
  136  18:13  Zealot x6, Probe  
  136  18:16  Disruptor  
  152  18:22  Stalker, Assimilator  
  152  18:23  Stalker x2  
  152  18:44  Zealot x6  
  160  18:58  Disruptor  
  160  18:59  Nexus, Disruptor  
  160  19:01  Dark Templar x2  
  165  19:06  Pylon  
  165  19:09  Dark Templar  
  167  19:10  Zealot x5  
  165  19:28  Zealot  
  157  19:34  Disruptor (Chrono Boost)  
  157  19:35  Observer (Chrono Boost)  
  157  19:38  Dark Templar  
  157  19:39  Zealot x6  
  157  19:51  Probe x3  
  154  19:53  Zealot, Disruptor (Chrono Boost)  
  154  19:54  Zealot, Assimilator  
  161  20:02  Dark Templar  
  161  20:03  Probe  
  161  20:04  Zealot x5  
  138  20:22  Disruptor (Chrono Boost)  
  138  20:23  Disruptor (Chrono Boost)  
  119  20:32  Zealot x7  
  119  20:33  Zealot, Observer  
  129  20:40  Probe x2  
  129  20:42  Dark Templar  
  133  20:48  Nexus  
  130  20:55  Pylon, Colossus (Chrono Boost)  
  134  20:57  Dark Templar  
  134  20:58  Zealot x4, Dark Templar  
  134  21:02  Disruptor (Chrono Boost)  
  147  21:19  Zealot x3, Dark Templar  
  147  21:20  Zealot x3  
  149  21:33  Dark Templar  
  149  21:39  Stalker x2  
  155  21:42  Dark Templar  
  155  21:45  Stalker x4  
  158  21:59  Dark Templar  
  158  22:13  Dark Templar  
  156  22:18  Zealot  
  156  22:19  Zealot x6  
  168  22:35  Colossus  
  174  22:40  Stalker  
  174  22:41  Stalker x2  
  178  22:46  Zealot x4  
  178  22:49  Observer  
  180  23:10  Zealot  
  180  23:11  Zealot x8  
  196  23:20  Assimilator  
  196  23:22  Assimilator, Observer  
  193  23:29  Observer  
  188  23:36  Stalker x6  
  194  23:47  Observer  
  183  24:08  Nexus  
  142  24:25  Zealot x8  
  142  24:26  Zealot  
  142  24:30  Colossus x2  
  138  24:40  Pylon  
  136  24:50  Stalker x4  
  136  24:51  Protoss Ground Armor Level 2 (Chrono Boost)  
  144  24:54  Zealot x5  
  151  25:18  Observer  
  150  25:22  Dark Templar  
  150  25:23  Colossus  
  150  25:24  Zealot x6  
  150  25:25  Zealot x2  
  169  25:37  Observer  
  169  25:40  Protoss Ground Weapons Level 3 (Chrono Boost)  
  169  25:43  Nexus  
  169  25:44  Disruptor  
  169  25:46  Dark Templar  
  169  25:47  Zealot x4  
  176  26:03  Pylon, Zealot  
  176  26:04  Zealot x2  
  169  26:16  Colossus (Chrono Boost)  
  169  26:17  Disruptor (Chrono Boost)  
  157  26:30  Zealot x5  
  152  26:42  Dark Templar  
  152  26:46  Disruptor (Chrono Boost)  
  154  26:52  Zealot x4  
  165  26:56  Probe x3  
  165  26:57  Probe  
  163  27:11  Disruptor  
  163  27:14  Disruptor  
  156  27:20  Zealot x3, Dark Templar x2  
  167  27:26  Probe  
  167  27:27  Observer  
  167  27:35  Assimilator, Zealot, Dark Templar  
  167  27:36  Zealot x2  
  175  27:42  Zealot  
  175  27:43  Zealot x2  
  175  28:06  Disruptor x2  
  175  28:09  Sentry  
  175  28:10  Stalker x4  
  183  28:21  Dark Templar x2  
  183  28:25  Nexus, Archon  
  160  28:43  Zealot x7  
  174  28:54  Nexus  
  161  28:57  Pylon  
  161  29:00  Dark Templar  
  151  29:29  Pylon, Zealot x2  
  151  29:30  Zealot x6  
  159  29:37  Disruptor (Chrono Boost)  
  159  29:38  Disruptor (Chrono Boost)  
  163  29:44  Pylon  
  157  29:58  Zealot x8  

Tags
 
Add a new tag
Caveats
  • Supply blocks, unpowered buildings, or Contaminate may cause inaccurate times.
  • Supply counts are checked every 10 seconds.